 Dungeon Crawl Stone Soup version 0.28.0-1-gb440e238dd (webtiles) character file.

Game seed: 7832699362472668758

28 serioussanchez the Insei (level 3, -1/26 HPs)
             Began as a Demonspawn Transmuter on Feb 24, 2022.
             Was a Believer of Cheibriados.
             Slain by a gnoll (2 damage)
             ... on level 2 of the Dungeon.
             The game lasted 00:03:51 (789 turns).

serioussanchez the Insei (Demonspawn Transmuter)     Turns: 789, Time: 00:03:52

Health: -1/26      AC:  2    Str: 16    XL:     3   Next: 0%
Magic:  6/6        EV: 12    Int: 18    God:    Cheibriados [**....]
Gold:   59         SH:  4    Dex: 17    Spells: 5/6 levels left

rFire   . . .      SeeInvis .     - Unarmed
rCold   . . .      Faith    .   (no shield)
rNeg    . . .      Spirit   .   a - +0 robe
rPois   .          Reflect  .   (helmet currently unavailable)
rElec   .          Harm     .   (no cloak)
rCorr   .          Rampage  .   (no gloves)
Will    .....                   (boots currently unavailable)
Stlth   ++........              (no amulet)
HPRegen 0.08/turn               (no ring)
MPRegen 0.10/turn               (no ring)

@: appendages (expiring), very slow
A: talons 2, horns 1, condensation shield
a: End Transformation, Renounce Religion, Bend Time


You were on level 2 of the Dungeon.
You worshipped Cheibriados.
Cheibriados was pleased with you.
You had temporarily grown beastly talons.
You visited 1 branch of the dungeon, and saw 2 of its levels.

You collected 59 gold pieces.

Inventory:

Armour
 a - a +0 robe (worn)
Jewellery
 d - a ring of see invisible
Scrolls
 b - a scroll of fear {unknown}
 c - 2 scrolls of teleportation {unknown}
 f - a scroll of enchant weapon {unknown}


   Skills:
 + Level 1.0 Fighting
 * Level 2.0 Dodging
 + Level 0.1 Stealth
 * Level 3.3 Unarmed Combat
 + Level 2.2 Spellcasting
 + Level 1.8 Transmutations


You had 5 spell levels left.
You knew the following spells:

 Your Spells              Type           Power      Damage    Failure   Level
a - Beastly Appendage     Tmut           16%        N/A       9%          1

Your spell library contained the following spells:

 Spells                   Type           Power      Damage    Failure   Level
 Wereblood                Tmut           8%         N/A       12%         2
 Spider Form              Tmut/Pois      5%         N/A       36%         3
 Ice Form                 Ice/Tmut       5%         N/A       77%         4


Dungeon Overview and Level Annotations

Branches:
Dungeon (2/15)

Altars:
Cheibriados

Shops:
D:2 (

Annotations:
D:2 Jessica


Innate Abilities, Weirdness & Mutations

You have temporarily grown beastly talons.
You have a pair of small horns on your head.
A meltable shield of frost defends you. (SH +4)


Message History

Your talons disappear.
The bat closely misses you.
Your Dodging skill increases to level 2!
You hit the bat.
You kill the bat!
Cheibriados thoroughly appreciates the change of pace.
Cheibriados raises the support of your attributes as your movement slows.
A gnoll comes into view. It is wielding a +0 club.
You have reached level 3!
Your experience leads to an increase in your attributes!
Your base attributes are Str 10, Int 14, Dex 13.
Increase (S)trength, (I)ntelligence, or (D)exterity?
Uppercase letters only, please.
You feel stronger. x2; Your demonic ancestry asserts itself...
Frost condenses into a shield before you.
The gnoll shouts!
The gnoll closely misses you. You block the gnoll's attack.
The gnoll barely misses you. The gnoll hits you with a +0 club.
You see here a +0 club.
You hit the gnoll.
The gnoll is moderately wounded.
Casting: Beastly Appendage (safe; 9% risk of failure)
Confirm with . or Enter, or press ? or * to list all spells.
Your feet morph into talons.
Jessica the Apprentice Sorceress comes into view.
She is wielding a +0 dagger and carrying a wand of digging (6).
The gnoll hits you with a +0 club. The gnoll barely misses you.
Jessica shouts!
The gnoll hits you with a +0 club.
Your transformation is almost over.
You barely miss the gnoll. You claw the gnoll.
The gnoll is severely wounded.
The gnoll hits you with a +0 club. The gnoll misses you.
You hear a zap.
Some rock shatters into small pieces.
It was a potion of magic.
Magic courses through your body. The gnoll hits you with a +0 club!
* * * LOW HITPOINT WARNING * * *
The gnoll hits you from afar with a +0 halberd.
You die...

.. #.#.# ###.#
#.#.# #.....#.#.#
#....$#.#@##
#$.........
#..∩..#...# .
#$.......g#####...#
#....<..gg@......#
#.###...######...#
#)### # #...#
###g..###
#.#.......#
#.........#
###.......#
###...###


You could see 3 gnolls.

Vanquished Creatures
  A gnoll (D:2)
  A ball python (D:1)
  A giant cockroach (D:1)
  2 goblins (D:1)
  A hobgoblin (D:1)
  2 jackals (D:1)
  A quokka (D:1)
  4 bats
  2 frilled lizards (D:1)
  3 rats (D:1)
18 creatures vanquished.

Notes
Turn   | Place    | Note
-------+----------+-------------------------------------------
     0 | D:1      | serioussanchez the Demonspawn Transmuter began the quest
                  | for the Orb.
     0 | D:1      | Reached XP level 1. HP: 15/15 MP: 3/3
   122 | D:1      | Found a faded altar of an unknown god.
   129 | D:1      | Prayed at the altar of an unknown god.
   129 | D:1      | Became a worshipper of Cheibriados the Contemplative
   129 | D:1      | Reached * piety under Cheibriados
   182 | D:1      | Reached skill level 3 in Unarmed Combat
   265 | D:1      | Discovered your monstrous ancestry.
   265 | D:1      | Mutation became permanent: You have a pair of small horns
                  | on your head. [demonic ancestry]
   265 | D:1      | Gained mutation: You have a pair of horns on your head.
                  | [demonic ancestry]
   265 | D:1      | Reached XP level 2. HP: 20/21 MP: 1/5
   770 | D:2      | Found Qeuttolo's Weapon Boutique.
   779 | D:2      | Reached ** piety under Cheibriados
   780 | D:2      | Gained mutation: A meltable shield of frost defends you.
                  | (SH +4) [demonic ancestry]
   780 | D:2      | Reached XP level 3. HP: 19/26 MP: 6/6
   784 | D:2      | Noticed Jessica
   789 | D:2      | HP: 1/26 [gnoll (7)]
   789 | D:2      | Slain by a gnoll

Illustrated notes

Levels and vault maps discovered:
D:1:      arrival_zaba_pyramid, layout_loops_ring,
          shapermc_ecumenical_altar_totnotflames, lemuel_old_faithful
D:2:      layout_loops_ring, serial_shops, shop, uniq_jessica

Skill      XL: |  1  2 |
---------------+-------+-----
Unarmed Combat | 3 |  3.3
Dodging        | 2 |  2.0
Fighting       | |  1.0
Stealth        | |  0.1
Spellcasting   | |  2.2
Transmutations | |  1.8

Action                   || total
-------------------------++-------
Melee: Unarmed           ||    46
       Kick              ||     6
       Headbutt          ||     3
 Cast: Beastly Appendage ||    10
  Use: Potion            ||     1
 Stab: Sleeping          ||     2
Armor: Robe              ||     6
Dodge: Dodged            ||    43
Block: Other             ||     1
